 Dungeon Crawl Stone Soup version 0.29-a0-837-g174bc33 (webtiles) character file.

Game seed: 7738207458997957509

149 GeorgeSoros the Chiller (level 5, -2/35 HPs)
             Began as a Demonspawn Ice Elementalist on July 12, 2022.
             Was an Initiate of Vehumet.
             Slain by an orc wizard
             ... wielding a +0 whip
              (5 damage)
             ... on level 4 of the Dungeon on July 13, 2022.
             The game lasted 00:11:27 (3949 turns).

GeorgeSoros the Chiller (DsIE)                      Turns: 3949, Time: 00:11:27

Health: -2/35      AC:  4    Str:  9    XL:     5   Next: 9%
Magic:  17/17      EV: 12    Int: 18    God:    Vehumet [......]
Gold:   118        SH:  0    Dex: 19    Spells: 4/8 levels left

rFire   . . .      SeeInvis .   j - +2 spear (flame)
rCold   . . .      Faith    .   (no shield)
rNeg    . . .      Spirit   .   h - +0 leather armour
rPois   .          Reflect  .   (no helmet)
rElec   .          Harm     .   (no cloak)
rCorr   .          Rampage  .   (no gloves)
Will    .....                   n - +0 pair of boots
Stlth   ++........              t - amulet of the acrobat
HPRegen 0.11/turn               e - ring of magical power
MPRegen 0.15/turn               i - +6 ring of dexterity

@: no status effects
A: weakness stinger 2
a: Renounce Religion


You were on level 4 of the Dungeon.
You worshipped Vehumet.
Vehumet was noncommittal.
You visited 2 branches of the dungeon, and saw 5 of its levels.

You collected 118 gold pieces.

Inventory:

Hand Weapons
 f - a +0 mace
 j - a +2 spear of flaming (weapon)
 k - a +0 dagger of electrocution
Armour
 a - a +0 robe
 h - a +0 leather armour (worn)
 n - a +0 pair of boots (worn)
Jewellery
 c - a ring of fire
 e - a ring of magical power (left hand)
 i - a +6 ring of dexterity (right hand)
 t - an amulet of the acrobat (around neck)
 u - a ring of protection from cold
Wands
 o - a wand of flame (22)
 p - a wand of iceblast (12)
Scrolls
 g - 2 scrolls of fear
 r - a scroll of poison
 v - a scroll of teleportation
Potions
 b - a potion of magic
 d - 3 potions of curing
 l - a potion of haste
 m - 3 potions of might
 q - a potion of flight
 s - 2 potions of invisibility {unknown}


   Skills:
 + Level 2.9 Armour
 - Level 1.7 Dodging
 - Level 1.7 Stealth
 - Level 2.0 Spellcasting
 + Level 4.8 Ice Magic


You had 4 spell levels left.
You knew the following spells:

 Your Spells              Type           Power      Damage    Failure   Level
a - Freeze                Ice            76%        1d9       3%          1
b - Frozen Ramparts       Ice            38%        1d5       10%         3

Your spell library contained the following spells:

 Spells                   Type           Power      Damage    Failure   Level
 Ozocubu's Armour         Ice            19%        N/A       10%         3
 Conjure Flame            Conj/Fire      1%         6-21      58%         3
 Dazzling Flash           Conj/Hex       2%         N/A       58%         3
 Hailstorm                Conj/Ice       10%        3d5       65%         4
 Ice Form                 Ice/Tmut       10%        N/A       65%         4
 Summon Ice Beast         Ice/Summ       10%        N/A       65%         4
 Agony                    Necr           1%         N/A       100%        5
 Alistair's Intoxication  Tmut/Pois      0%         N/A       100%        5
 Fireball                 Conj/Fire      0%         3d3       100%        5
 Silence                  Hex/Air        0%         N/A       100%        5


Dungeon Overview and Level Annotations

Branches:
Dungeon (4/15)             Temple (1/1) D:4

Altars:
Ashenzari
Cheibriados
Dithmenos
Hepliaklqana
Nemelex Xobeh
Ru
Sif Muna
Uskayaw
Vehumet
Wu Jian
Yredelemnul
Jiyva


Innate Abilities, Weirdness & Mutations

You have a tail ending in a sharp stinger.


Message History

Vehumet accepts your kill.
You miss something. Something hits you.
You barely miss something.
Your tail-slap misses something.
Something hits you.
You hit something. You burn something.
You hear some strange, mumbled words.
A puff of flame appears from out of thin air!
The puff of flame hits you.
You hit something. You burn something.
You hear some strange, mumbled words.
You are confused.
You hear some strange, mumbled words.
A magic dart appears from out of thin air!
The magic dart hits you.
You miss something. Something hits you.
You miss something. Something hits you.
You bump into the rock wall.
Something hits you but does no damage.
You completely miss something. Something hits you.
* * * LOW HITPOINT WARNING * * *
You bump into the rock wall.
You hear some strange, mumbled words.
You are more confused.
You're too confused to cast spells.
You bump into the rock wall.
Something hits you but does no damage.
You bump into the rock wall.
Something hits you.
* * * LOW HITPOINT WARNING * * *
You miss something. Something hits you.
* * * LOW HITPOINT WARNING * * *
You bump into the rock wall.
Something hits you but does no damage.
You feel better. Something hits you.
* * * LOW HITPOINT WARNING * * *
You hit something but do no damage.
Your tail-slap misses something.
Something hits you but does no damage.
You closely miss something. Something hits you.
* * * LOW HITPOINT WARNING * * *
You miss something.
Your tail-slap misses something.
Something hits you.
* * * LOW HITPOINT WARNING * * *
You miss something.
Your tail-slap misses something.
Something hits you but does no damage.
You barely miss something. Something hits you.
You die...

#.#... #.#..# #.#..#
#.#..#.#.# #.<......#
#.#######.#####
#.##..........#
#.##.#.##.##..#
#.##.#.##@##..#
#.##.#.##{##..# ###
#.##..........#
##.###.##...#.##...#
###...##.##...#......#
...................)...+
###...#####....####...##
##.## ##.### §§..§# #.#
#... ..§§{§


There were no monsters in sight!

Vanquished Creatures
  Robin (D:2)
  4 adders
  2 worms
  A dart slug (D:2)
  8 orcs
  5 endoplasms
  2 giant cockroaches
  13 goblins
  7 hobgoblins
  8 jackals
  6 kobolds
  3 quokkas
  2 ball pythons
  7 bats
  2 frilled lizards
  8 rats
79 creatures vanquished.

Notes
Turn   | Place    | Note
-------+----------+-------------------------------------------
     0 | D:1      | GeorgeSoros the Demonspawn Ice Elementalist began the quest
                  | for the Orb.
     0 | D:1      | Reached XP level 1. HP: 13/13 MP: 3/3
    11 | D:1      | Got Nuicwat's Lessons on the Pestilent Pyre
   124 | D:1      | Found a faded altar of an unknown god.
   306 | D:1      | Reached skill level 1 in Armour
   306 | D:1      | Gained mutation: You have a small tail. [demonic ancestry]
   306 | D:1      | Reached XP level 2. HP: 19/19 MP: 3/5
   643 | D:1      | Reached skill level 4 in Ice Magic
  1096 | D:1      | Reached XP level 3. HP: 24/24 MP: 6/6
  1396 | D:2      | Learned a level 3 spell: Frozen Ramparts
  1658 | D:2      | Noticed Robin
  1686 | D:2      | Killed Robin
  1691 | D:2      | Gained mutation: You have a tail ending in a sharp stinger.
                  | [demonic ancestry]
  1691 | D:2      | Reached XP level 4. HP: 14/30 MP: 7/7
  3424 | D:3      | Reached XP level 5. HP: 31/35 MP: 8/8
  3726 | D:4      | Found a staircase to the Ecumenical Temple.
  3735 | Temple   | Entered the Ecumenical Temple
  3868 | Temple   | Became a worshipper of Vehumet
  3920 | D:4      | Found a shadowy altar of Dithmenos.
  3949 | D:4      | Slain by an orc wizard

Illustrated notes

Levels and vault maps discovered:
D:1:      dpeg_arrival_tiny_d, layout_basic,
          hellmonk_ecumenical_altar_pennies_from_heaven
D:2:      layout_basic, minmay_tromino_v2, uniq_robin
D:3:      layout_loops_cross
D:4:      layout_loops_corners, nicolae_dithmenos_the_darkroom,
          minmay_temple_entry_junction
Temple:   pf_slime_end_temple

Skill      XL: |  1  2  3 |
---------------+----------+-----
Armour         | 1 2 |  2.9
Ice Magic      | 4 |  4.8
Dodging        | |  1.7
Stealth        | |  1.7
Spellcasting   | |  2.0

Action                   |  1- 3 |  4- 6 || total
-------------------------+-------+-------++-------
Melee: Mace              |    18 |       ||    18
       Spear             |    11 |    99 ||   110
       Tailslap          |     1 |     7 ||     8
 Cast: Freeze            |    36 |     4 ||    40
  Use: Scroll            |     4 |     5 ||     9
       Potion            |       |     1 ||     1
 Stab: Sleeping          |     2 |     6 ||     8
Armor: Robe              |    11 |       ||    11
       Leather armour    |     7 |    15 ||    22
Dodge: Dodged            |    34 |    28 ||    62

Table legend: (Time is in decaauts)
 A = Elapsed time spent in this place.
 B = Non-inter-level travel time spent in this place.
 C = Inter-level travel time spent in this place.
 D = Time resting spent in this place.
 E = Time spent auto-exploring this place.
 F = Levels seen in this place.
 G = Mean time per level.
                   A        B        C        D        E       F      G
               +--------+--------+--------+--------+--------+-----+--------+
         Total |   3966 |   3749 |    217 |    109 |   2956 |   5 |  793.2 |
       Dungeon |   3821 |   3615 |    206 |    109 |   2847 |   4 |  955.2 |
        Temple |    145 |    134 |     11 |      0 |    109 |   1 |  145.0 |
               +--------+--------+--------+--------+--------+-----+--------+

Top non-repeatable levels by time:
     D:1: 1347 daAuts
     D:2: 1328 daAuts
     D:3: 1039 daAuts
  Temple: 145 daAuts
     D:4: 105 daAuts
